 Dungeon Crawl Stone Soup version 0.21-a0-150-gc243083 (webtiles) character file.

31 KristoblXynda the Sneak (level 3, 0/26 HPs)
             Began as an Octopode Monk on July 27, 2017.
             Succumbed to an adder's poison
             ... on level 2 of the Dungeon.
             The game lasted 00:02:23 (233 turns).

KristoblXynda the Sneak (Octopode Monk)              Turns: 233, Time: 00:02:24

Health: 0/26       AC:  1    Str: 11    XL:     3   Next: 22%
Magic:  3/3        EV: 14    Int: 14    God:
Gold:   43         SH:  0    Dex: 14    Spells: 2/2 levels left

rFire    . . .     SeeInvis .     - Unarmed
rCold    . . .     Gourm    .   (no shield)
rNeg     . . .     Faith    .   (helmet restricted)
rPois    .         Spirit   .   (no amulet)
rElec    .         Reflect  .   (no ring)
rCorr    .         Harm     .   (no ring)
MR       .....                  (no ring)
Stlth    +++.......             (no ring)
HPRegen  0.08/turn              (no ring)
MPRegen  0.08/turn              (no ring)
                                (no ring)
                                (no ring)

@: lethally poisoned (0 -> -4), flying
A: almost no armour, stealthy swim, amphibious, 8 rings, constrict 8, camouflage
1, clever 1, sense surroundings 1, gelatinous body 1
a: no special abilities


You were on level 2 of the Dungeon.
You were not hungry.

You visited 1 branch of the dungeon, and saw 2 of its levels.

You collected 43 gold pieces.

Inventory:

Scrolls
 b - a scroll of remove curse {unknown}
Potions
 d - a potion of mutation
Comestibles
 a - a bread ration
 f - a royal jelly


   Skills:
 - Level 3.0 Fighting
 + Level 3.4 Dodging
 + Level 3.6 Stealth
 + Level 3.4 Unarmed Combat


You had 2 spell levels left.
You didn't know any spells.

Dungeon Overview and Level Annotations

Branches:
Dungeon (1/15)

Altars:


Innate Abilities, Weirdness & Mutations

You cannot wear most types of armour.
You are very stealthy in the water. (Stealth+)
You are amphibious.
You can wear up to eight rings at the same time.
You can use your tentacles to constrict eight enemies at once.
Your skin changes colour to match your surroundings (Stealth+).
Your rubbery body absorbs attacks. (AC +1, EV +1)
Your mind is acute. (Int +2)
You passively map a small area around you.


Message History

You constrict the jackal, but do no damage.
* * * LOW HITPOINT WARNING * * *
You feel sick. The jackal barely misses you.
You tentacle-slap the jackal. You squeeze the jackal.
The jackal is severely wounded.
You constrict the jackal.
You kill the jackal!
Things that are here:
a jackal corpse; an adder corpse
* * * LOW HITPOINT WARNING * * *
You feel sick.
Found a stone staircase leading up.
There is a lethal amount of poison in your body!
There is a lethal amount of poison in your body!
There is a lethal amount of poison in your body!
There is a lethal amount of poison in your body!
There is a lethal amount of poison in your body!
Things that are here:
a jackal corpse; an adder corpse You die...

########## *
......##.. ,, , , ,
..###..#.# ** , , ,
..####.#.# ,
....†..#.# * ,
.......#.# , ,
.........#########
* ,,
..###....'.....†.#,
, ..#
#....#######@#, ###
#....# * *#.# *
#....#
#............,
####.#
#.#.....##### , ,
#..** #.#.### * *
##. #.... ,, , .
..... , , , , *, .#
... , , .. #<.## *
*


There were no monsters in sight!

Vanquished Creatures
  An adder (D:2)
  An ooze (D:1)
  A leopard gecko (D:1)
  2 goblins (D:1)
  2 hobgoblins
  3 jackals (D:2)
  3 kobolds (D:1)
  2 bats (D:1)
  A rat (D:1)
16 creatures vanquished.

Notes
Turn   | Place    | Note
-------+----------+-------------------------------------------
     0 | D:1      | KristoblXynda the Octopode Monk began the quest for the Orb.
     0 | D:1      | Reached XP level 1. HP: 16/16 MP: 1/1
    42 | D:1      | Reached XP level 2. HP: 19/21 MP: 2/2
   174 | D:1      | You fall through a shaft!
   224 | D:2      | Reached XP level 3. HP: 5/26 MP: 3/3
   225 | D:2      | Gained mutation: You passively map a small area around you. [potion of mutation]
   225 | D:2      | Gained mutation: Your mind is acute. (Int +2) [potion of mutation]
   227 | D:2      | HP: 1/26 [poisoned by an adder]
   233 | D:2      | Succumbed to an adder's poison

Vault maps used:
D:1:      minmay_arrival_four_circles, serial_bayou, serial_bayou_shore_b,
          serial_bayou_pond_c, serial_bayou_pond_d, serial_bayou_pond_a,
          minmay_split_cup_large
D:2:      lemuel_doored_altar, overflow_temple_1_default

Skill      XL: |  1 |
---------------+----+-----
Stealth        | 3 |  3.6
Fighting       | |  3.0
Dodging        | |  3.4
Unarmed Combat | |  3.4

Action                   || total
-------------------------++-------
Melee: Unarmed           ||    31
       Constrict         ||     9
       Tentacles         ||     8
  Use: Potion            ||     2
 Stab: Sleeping          ||     5
Dodge: Dodged            ||    17
